 Dungeon Crawl Stone Soup version 0.26-b1-59-ge38874ec40 (webtiles) character file.

Game seed: 14914028297103558426

4129 jackrogers the Severer (level 10, -2/77 HPs)
             Began as a Minotaur Berserker on Jan 9, 2021.
             Was a High Priest of Trog.
             Slain by a two-headed ogre
             ... wielding a cursed -1 giant club
              (8 damage)
             ... on level 8 of the Dungeon.
             The game lasted 00:14:06 (8989 turns).

jackrogers the Severer (Minotaur Berserker)         Turns: 8989, Time: 00:14:06

Health: -2/77      AC: 13    Str: 30    XL:     10   Next: 6%
Magic:  6/6        EV:  8    Int:  4    God:    Trog [*****.]
Gold:   412        SH:  0    Dex:  5    Spells: 9/9 levels left

rFire    . . .     SeeInvis +   v - +1 executioner's axe (antimagic)
rCold    + + +     Faith    .   (shield currently unavailable)
rNeg     . . .     Spirit   .   t - +0 plate armour
rPois    +         Reflect  .   (helmet restricted)
rElec    .         Harm     .   (no cloak)
rCorr    .         Rampage  .   (no gloves)
Will     .....                  (no boots)
Stlth    ..........             (no amulet)
HPRegen  0.22/turn              q - ring of magical power
MPRegen  0.10/turn              w - ring "Piun" {rPois rC+++ Str+4 Dex-4 SInv}

@: no status effects
A: retaliatory headbutt, horns 2
a: Renounce Religion, Berserk, Trog's Hand, Brothers in Arms


You were on level 8 of the Dungeon.
You worshipped Trog.
Trog was extremely pleased with you.
You visited 1 branch of the dungeon, and saw 8 of its levels.

You collected 412 gold pieces.

Inventory:

Hand Weapons
 a - a +1 hand axe
 r - a +0 war axe
 v - a +1 antimagic executioner's axe (weapon)
Armour
 b - a +0 animal skin
 j - a +1 ring mail
 t - a +0 plate armour (worn)
Jewellery
 q - a ring of magical power (left hand)
 s - an uncursed ring of magical power
 w - the ring "Piun" (right hand) {rPois rC+++ Str+4 Dex-4 SInv}
   (You found it on level 8 of the Dungeon)

   [ring of poison resistance]

   It affects your strength (+4).
   It affects your dexterity (-4).
   It renders you almost immune to cold.
   It protects you from poison.
   It lets you see invisible.
Wands
 i - a wand of iceblast (16)
 u - a wand of polymorph (8)
Scrolls
 e - 8 scrolls of teleportation
 f - 3 scrolls of remove curse
 k - 5 scrolls of enchant armour
 l - 4 scrolls of identify
 m - a scroll of enchant weapon
 p - a scroll of fog
 x - a scroll of amnesia {unknown}
Potions
 c - 2 potions of resistance
 d - a potion of berserk rage
 g - a potion of cancellation
 h - 4 potions of curing
 n - 4 potions of flight
 o - a potion of haste
 z - a potion of degeneration {unknown}


   Skills:
 - Level 3.6 Fighting
 * Level 15.2 Axes
 + Level 7.8 Armour
 - Level 2.1 Dodging


You had 9 spell levels left.
You didn't know any spells.
Your spell library was empty.

Dungeon Overview and Level Annotations

Branches:
Dungeon (8/15)             Temple (0/1) D:5
   Lair: D:8-11

Altars:
Cheibriados
Gozag
Okawaru
Qazlal

Shops:
D:8 [


Innate Abilities, Weirdness & Mutations

You reflexively headbutt those who attack you in melee.
You have a pair of horns on your head.


Message History

The two-headed ogre is lightly wounded.
The two-headed ogre hits you with a cursed -1 giant club!
The two-headed ogre hits you but does no damage.
You barely miss the two-headed ogre.
The two-headed ogre is lightly wounded.
The two-headed ogre hits you with a cursed -1 giant club.
The two-headed ogre hits you with a +0 giant club!
* * * LOW HITPOINT WARNING * * *
You slice the two-headed ogre!!
Your headbutt misses the two-headed ogre.
The two-headed ogre is severely wounded.
The two-headed ogre hits you with a cursed -1 giant club!
* * * LOW HITPOINT WARNING * * *
The two-headed ogre barely misses you.
You hit the two-headed ogre.
Your headbutt misses the two-headed ogre.
The two-headed ogre is severely wounded.
The two-headed ogre hits you but does no damage.
The two-headed ogre hits you with a +0 giant club!
You die...

# ####.....#### #..)..#
# #†))).# .# #.†.).# #.
#.....# ###.
########.#### #..
#...........# #.#
#.####...##.###.#### #
#.####....#.O@)....##.#
#..|....#...###.#...#.#
#......###†.# #.......#
#..###((#.(.# #..(....#
#....)......# ##.....##
#####.#####.####
#....## ....#.## #)#
#.#.## ###..#.####.###
#.### #...###.#.....#
#.#


You could see a two-headed ogre.

Vanquished Creatures
  Erica (D:8)
  Eustachio (D:6)
  A sky beast (D:8)
  2 orc warriors
  An ice beast (D:4)
  A phantom (D:7)
  3 ogres
  3 centaurs
  A big kobold (D:7)
  A bullfrog (D:7)
  A gnoll sergeant (D:8)
  A water moccasin zombie (D:7)
  6 scorpions
  2 water moccasin skeletons
  5 killer bees (D:8)
  A howler monkey (D:6)
  A bullfrog zombie (D:7)
  2 hounds
  2 centaur skeletons
  3 jellies
  A quasit (D:8)
  2 bullfrog skeletons
  4 orc priests
  Jessica (D:3)
  An iguana (D:8)
  14 orc wizards
  Natasha (thrice) (D:3)
  3 worker ants
  2 hound skeletons
  A worker ant zombie (D:5)
  11 gnolls (D:8)
  9 adders
  A shadow imp (D:6)
  3 oozes
  An adder skeleton (D:5)
  An adder zombie (D:8)
  7 worms
  5 dart slugs
  10 leopard geckos
  34 orcs
  7 giant cockroaches
  11 goblins
  5 hobgoblins
  22 jackals
  7 kobolds
  3 quokkas
  4 ball pythons
  8 bats
  6 frilled lizards
  A leopard gecko skeleton (D:6)
  A leopard gecko zombie (D:6)
  A quokka skeleton (D:7)
  A quokka zombie (D:7)
  5 rats
235 creatures vanquished.

Vanquished Creatures (others)
  21 plants
21 creatures vanquished.

Grand Total: 256 creatures vanquished

Notes
Turn   | Place    | Note
-------+----------+-------------------------------------------
     0 | D:1      | jackrogers the Minotaur Berserker began the quest for the
                  | Orb.
     0 | D:1      | Reached XP level 1. HP: 19/19 MP: 0/0
   190 | D:1      | Reached skill level 4 in Axes
   193 | D:1      | Reached XP level 2. HP: 24/26 MP: 1/1
   602 | D:1      | Reached skill level 5 in Axes
   730 | D:1      | Reached XP level 3. HP: 31/31 MP: 2/2
   767 | D:2      | Found an opulent altar of Gozag.
  1215 | D:2      | Found a snail-covered altar of Cheibriados.
  1256 | D:2      | Reached ** piety under Trog
  1264 | D:2      | Reached XP level 4. HP: 39/39 MP: 3/3
  1272 | D:2      | Reached skill level 6 in Axes
  2488 | D:3      | Noticed Natasha
  2492 | D:3      | Killed Natasha
  2493 | D:3      | Reached skill level 7 in Axes
  2493 | D:3      | Reached XP level 5. HP: 43/45 MP: 4/4
  2546 | D:3      | Noticed Natasha
  2555 | D:3      | Killed Natasha
  2735 | D:3      | Noticed Natasha
  2741 | D:3      | Killed Natasha
  2746 | D:3      | Reached *** piety under Trog
  2893 | D:3      | Noticed Jessica
  2899 | D:3      | Killed Jessica
  2900 | D:3      | Reached skill level 8 in Axes
  3100 | D:3      | Reached XP level 6. HP: 51/51 MP: 5/5
  3528 | D:4      | Found an iron altar of Okawaru.
  3556 | D:4      | Noticed an ice beast
  3564 | D:4      | Killed an ice beast
  3565 | D:4      | Reached skill level 9 in Axes
  3679 | D:4      | Reached XP level 7. HP: 16/57 MP: 6/6
  3942 | D:4      | Reached skill level 10 in Axes
  4663 | D:5      | Entered Level 5 of the Dungeon
  4679 | D:5      | Found a staircase to the Ecumenical Temple.
  5113 | D:5      | Found a stormy altar of Qazlal.
  5391 | D:5      | Reached **** piety under Trog
  5393 | D:5      | Reached skill level 11 in Axes
  5908 | D:6      | Reached XP level 8. HP: 59/64 MP: 7/7
  6432 | D:6      | Noticed Eustachio
  6463 | D:6      | Killed Eustachio
  6464 | D:6      | Reached skill level 12 in Axes
  6979 | D:6      | Reached skill level 13 in Axes
  7378 | D:7      | Reached XP level 9. HP: 70/70 MP: 8/8
  7608 | D:7      | Reached skill level 5 in Armour
  7771 | D:7      | Reached ***** piety under Trog
  7792 | D:7      | Received a gift from Trog
  8275 | D:8      | Reached skill level 14 in Axes
  8283 | D:8      | Got a translucent copper ring
  8284 | D:8      | Identified the ring "Piun" {rPois rC+++ Str+4 Dex-4 SInv}
                  | (You found it on level 8 of the Dungeon)
  8577 | D:8      | Found Jeyf's Antique Armour Emporium.
  8738 | D:8      | Noticed Erica
  8773 | D:8      | Killed Erica
  8774 | D:8      | Reached skill level 15 in Axes
  8774 | D:8      | Reached XP level 10. HP: 72/77 MP: 6/9
  8984 | D:8      | Noticed a two-headed ogre
  8989 | D:8      | Slain by a two-headed ogre

Illustrated notes

Levels and vault maps discovered:
D:1:      dpeg_arrival_renting, layout_basic
D:2:      layout_basic, overflow_temple_1_default, minmay_misc_feat_x,
          kennysheep_slug_shrine
D:3:      layout_loops_ring, serial_bayou_lake_a, uniq_natasha, uniq_jessica
D:4:      layout_gridville, okawaru_ov_weapons_minmay
D:5:      layout_layer_cave, temple_statues, nicolae_qazlal_general_emergency
D:6:      layout_gridville, minmay_a_box_with_orc_wizards_in_it, uniq_eustachio
D:7:      layout_basic
D:8:      layout_loops_cross, serial_shops, nicolae_shop_overgrown_old_shop,
          uniq_psyche, uniq_erica

Skill      XL: |  1  2  3  4  5  6  7  8  9 |
---------------+----------------------------+-----
Axes           | 4 5 7 8 9 11 13 15 | 15.2
Armour         | 4 7 |  7.8
Fighting       | |  3.6
Dodging        | |  2.1

Action                   |  1- 3 |  4- 6 |  7- 9 | 10-12 || total
-------------------------+-------+-------+-------+-------++-------
Melee: Hand axe          |    72 |   143 |   298 |       ||   513
       Headbutt          |     9 |    22 |    49 |     1 ||    81
       Executioner's axe |       |       |    95 |    28 ||   123
Invok: Berserk           |       |     1 |     6 |     1 ||     8
       Trog's Hand       |       |       |     1 |       ||     1
  Use: Scroll            |       |     9 |     5 |       ||    14
       Potion            |       |     2 |     2 |       ||     4
Armor: Animal skin       |    10 |     2 |       |       ||    12
       Ring mail         |       |    35 |    70 |       ||   105
       Plate armour      |       |       |   125 |    19 ||   144
Dodge: Dodged            |    39 |    73 |   208 |    17 ||   337
